 Dungeon Crawl Stone Soup version 0.26-a0-696-gf6cc0c2 (webtiles) character file.

Game seed: 1164536534732199705

821 Mopster the Cleaver (level 7, 0/62 HPs)
             Began as a Minotaur Berserker on Oct 25, 2020.
             Was a Priest of Trog.
             Succumbed to a gnoll's poison
             ... on level 4 of the Dungeon.
             The game lasted 00:13:01 (3283 turns).

Mopster the Cleaver (Minotaur Berserker)            Turns: 3283, Time: 00:13:01

Health: 0/62       AC:  5    Str: 22    XL:     7   Next: 63%
Magic:  6/6        EV: 12    Int:  4    God:    Trog [***...]
Gold:   225        SH:  0    Dex: 11    Spells: 6/6 levels left

rFire    . . .     SeeInvis .   a - +0 hand axe
rCold    . . .     Faith    .   (no shield)
rNeg     . . .     Spirit   .   i - +0 leather armour
rPois    .         Reflect  .   (helmet restricted)
rElec    .         Harm     .   (no cloak)
rCorr    .         Rampage  .   m - +0 pair of gloves
MR       .....     Rnd*Tele +   (no boots)
Stlth    +.........             (no amulet)
HPRegen  0.20/turn              v - ring of teleportation (curse)
MPRegen  0.10/turn              (no ring)

@: lethally poisoned (0 -> -9), about to teleport, berserk cooldown, slowed,
very slow
A: retaliatory headbutt, horns 2
a: Berserk, Trog's Hand, Renounce Religion


You were on level 4 of the Dungeon.
You worshipped Trog.
Trog was most pleased with you.
You visited 1 branch of the dungeon, and saw 4 of its levels.

You collected 225 gold pieces.

Inventory:

Hand Weapons
 a - a +0 hand axe (weapon)
Armour
 i - a +0 leather armour (worn)
 m - a +0 pair of gloves (worn)
 o - a +1 plate armour
Jewellery
 v - a cursed ring of teleportation (left hand)
Scrolls
 h - a scroll of enchant armour
Potions
 b - a potion of berserk rage {unknown}
 c - a potion of flight {unknown}
 g - a potion of cancellation {unknown}
 k - a potion of haste
 l - a potion of invisibility {unknown}
 p - 3 potions of curing {unknown}
 q - a potion of ambrosia {unknown}
 r - 2 potions of degeneration {unknown}
 s - 2 potions of heal wounds {unknown}
 z - a potion of lignification {unknown}


   Skills:
 + Level 5.7 Fighting
 + Level 8.0 Axes
 + Level 5.8 Armour
 + Level 3.2 Dodging


You had 6 spell levels left.
You didn't know any spells.
Your spell library was empty.

Dungeon Overview and Level Annotations

Branches:
Dungeon (4/15)
 Temple: D:4-7

Altars:
Fedhas
Makhleb
Sif Muna
Trog


Innate Abilities, Weirdness & Mutations

You reflexively headbutt those who attack you in melee.
You have a pair of horns on your head.


Message History

You are suddenly yanked towards some nearby monsters!
Your surroundings suddenly seem different.
The gnoll shouts!
You hear a shout!
A gnoll comes into view. It is wielding a +0 spear.
The gnoll shouts!
A gnoll comes into view.
As you read the scroll of fog, it crumbles to dust.
The scroll dissolves into smoke.
The gnoll drinks a potion.
The gnoll seems to speed up.
The gnoll hits you from afar with a cursed +0 spear.
* * * LOW HITPOINT WARNING * * *
The gnoll hits you from afar with a +2 spear of venom.
* * * LOW HITPOINT WARNING * * *
You are lethally poisoned!
The gnoll hits you but does no damage.
The gnoll hits you from afar with a cursed +0 spear.
* * * LOW HITPOINT WARNING * * *
As you read the scroll of teleportation, it crumbles to dust.
You feel strangely unstable.
You die...

#................
#.######.#######.
...# #.# #.### #.#
#. #.# # #.# #.#
#### .
#.########.###...#..
#)§§@§§.............
#####gg§..........
##g####.##.....
........##.####
.##.........#
#.#######<# #.# #.#
.# #.. #.##


You could see 3 gnolls.

Vanquished Creatures
  Grinder (D:3)
  2 eyes of draining (D:3)
  A phantom (D:4)
  A centaur (D:4)
  2 hounds
  Robin (D:2)
  A gnoll (D:3)
  8 adders
  An ufetubus (D:3)
  2 oozes
  A worm (D:3)
  4 dart slugs (D:1)
  6 leopard geckos
  6 orcs
  9 bats
  3 giant cockroaches
  15 goblins
  10 hobgoblins
  4 jackals (D:1)
  13 kobolds
  A quokka (D:3)
  3 ball pythons
  4 frilled lizards
  11 rats
110 creatures vanquished.

Notes
Turn   | Place    | Note
-------+----------+-------------------------------------------
     0 | D:1      | Mopster the Minotaur Berserker began the quest for the Orb.
     0 | D:1      | Reached XP level 1. HP: 19/19 MP: 0/0
    89 | D:1      | Reached skill level 4 in Axes
    89 | D:1      | Reached XP level 2. HP: 27/27 MP: 1/1
   512 | D:1      | Reached XP level 3. HP: 33/33 MP: 2/2
   755 | D:1      | Reached ** piety under Trog
  1176 | D:2      | Noticed Robin
  1183 | D:2      | Reached XP level 4. HP: 40/41 MP: 3/3
  1190 | D:2      | Killed Robin
  1337 | D:2      | Reached skill level 5 in Axes
  1662 | D:2      | Found a burning altar of Makhleb.
  1843 | D:2      | Found a shimmering blue altar of Sif Muna.
  1945 | D:2      | Reached XP level 5. HP: 47/47 MP: 4/4
  1954 | D:2      | Reached *** piety under Trog
  2507 | D:3      | Reached skill level 6 in Axes
  2538 | D:3      | Noticed Grinder
  2551 | D:3      | Killed Grinder
  2551 | D:3      | Reached skill level 5 in Fighting
  2551 | D:3      | Reached XP level 6. HP: 56/56 MP: 5/5
  2770 | D:3      | Found a bloodstained altar of Trog.
  2778 | D:3      | Reached skill level 7 in Axes
  2783 | D:3      | Reached skill level 5 in Armour
  2783 | D:3      | Reached XP level 7. HP: 38/61 MP: 0/6
  3164 | D:4      | Found a blossoming altar of Fedhas.
  3280 | D:4      | Reached skill level 8 in Axes
  3282 | D:4      | HP: 2/62 [gnoll/cursed +0 spear (4)]
  3283 | D:4      | Succumbed to a gnoll's poison

Illustrated notes

Levels and vault maps discovered:
D:1:      roderic_crossed_star, layout_basic
D:2:      minmay_razor_zed, layout_basic, led_sif_pool,
          makhleb_heckhound_becter, uniq_robin
D:3:      layout_basic, trog_eyes_of_draining, uniq_grinder
D:4:      layout_loops_ring, kennysheep_mini_moat, cheibriados_altar_1,
          fedhas_bush_and_centaur_altar, gammafunk_ghost_grave

Skill      XL: |  1  2  3  4  5  6  7 |
---------------+----------------------+-----
Axes           | 4 5 6 7 8 |  8.0
Fighting       | 4 5 |  5.7
Dodging        | 3 |  3.2
Armour         | 3 5 |  5.8

Action                   |  1- 3 |  4- 6 |  7- 9 || total
-------------------------+-------+-------+-------++-------
Melee: Hand axe          |    75 |   139 |    25 ||   239
       Headbutt          |    13 |    23 |     5 ||    41
Invok: Berserk           |     1 |     2 |     2 ||     5
  Use: Scroll            |       |       |    11 ||    11
 Stab: Sleeping          |       |       |     1 ||     1
Armor: Animal skin       |     8 |       |       ||     8
       Leather armour    |     7 |     1 |     3 ||    11
       Plate armour      |       |    90 |     5 ||    95
Dodge: Dodged            |    58 |    62 |    20 ||   140

Table legend: (Time is in decaauts)
 A = Elapsed time spent in this place.
 B = Non-inter-level travel time spent in this place.
 C = Inter-level travel time spent in this place.
 D = Time resting spent in this place.
 E = Time spent auto-exploring this place.
 F = Levels seen in this place.
 G = Mean time per level.
                   A        B        C        D        E       F      G
               +--------+--------+--------+--------+--------+-----+--------+
         Total |   3333 |   3161 |    172 |    233 |   2348 |   4 |  833.2 |
       Dungeon |   3333 |   3161 |    172 |    233 |   2348 |   4 |  833.2 |
               +--------+--------+--------+--------+--------+-----+--------+

Top non-repeatable levels by time:
     D:2: 1235 daAuts
     D:1: 979 daAuts
     D:3: 949 daAuts
     D:4: 168 daAuts
